 Dungeon Crawl Stone Soup version 0.31-a0-182-gc5ef74bbde (webtiles) character file.

Game seed: 8518152121191507585

853 Maxmaps the Carver (level 7, -1/48 (50) HPs)
             Began as a Demonspawn Reaver on June 21, 2023.
             Slain by a wight
             ... wielding a +0 dire flail
              (11 damage)
             ... on level 5 of the Dungeon.
             The game lasted 00:05:17 (5245 turns).

Maxmaps the Carver (Demonspawn Reaver)              Turns: 5245, Time: 00:05:18

HP:   -1/48 (50)    AC: 10    Str: 12    XL:     7   Next: 70%
MP:   10/10         EV: 12    Int: 17    God:
Gold: 85            SH:  0    Dex: 17    Spells: 9/10 levels left

rFire   . . .        i - +1 long sword
rCold   . . .        (no shield)
rNeg    . . .        b - +0 leather armour
rPois   .            (no helmet)
rElec   .            y - +2 cloak {Will+}
rCorr   .            d - +2 pair of gloves
SInv    .            l - +0 pair of boots
Will    +....        p - amulet of the acrobat
Stlth   +            s - +6 ring of dexterity
HPRegen 0.28/turn    (no ring)
MPRegen 0.12/turn

%: acrobat
@: lightly drained
A: foul stench 2, demonic touch 2
a: no special abilities


You were on level 5 of the Dungeon.
You visited 1 branch of the dungeon, and saw 5 of its levels.
You also visited: Sewer.

You collected 220 gold pieces.
You spent 135 gold pieces at shops.

Inventory:

Hand Weapons
 a - a +0 falchion
 f - a +0 dagger of speed
 i - a +1 long sword (weapon)
Missiles
 c - a throwing net
Armour
 b - a +0 leather armour (worn)
 d - a +2 pair of gloves (worn)
 l - a +0 pair of boots (worn)
 v - a +0 pair of boots
 y - a +2 cloak of willpower (worn)
Jewellery
 m - an amulet of magic regeneration
 p - an amulet of the acrobat (around neck)
 s - a +6 ring of dexterity (left hand)
Wands
 o - a wand of quicksilver (9)
 u - a wand of roots (8)
Scrolls
 e - 8 scrolls of identify
 g - 2 scrolls of fear
 k - 4 scrolls of teleportation
 n - 2 scrolls of poison
 t - a scroll of blinking
 w - a scroll of amnesia
Potions
 h - a potion of attraction {unknown}
 j - 2 potions of curing
 q - a potion of lignification {unknown}
 r - 3 potions of brilliance {unknown}
 x - 2 potions of haste {unknown}
 z - 3 potions of heal wounds {unknown}
 A - a potion of mutation {unknown}
 B - a potion of might {unknown}
 C - a potion of cancellation {unknown}
 D - a potion of invisibility {unknown}
 E - a potion of experience {unknown}


   Skills:
 - Level 2.0 Fighting
 + Level 8.5 Long Blades
 - Level 1.7 Dodging
 - Level 2.0 Spellcasting
 - Level 3.0 Conjurations


You had 9 spell levels left.
You knew the following spells:

 Your Spells              Type           Power      Damage    Failure   Level
a - Kiss of Death         Conj/Necr      24%        2d7       13%         1

Your spell library contained the following spells:

 Spells                   Type           Power      Damage    Failure   Level
 Momentum Strike          Conj/Tloc      12%        3d8       21%         2
 Hailstorm                Conj/Ice       6%         3d4       36%         3
 Confusing Touch          Hex            1%         N/A       58%         3
 Dispel Undead            Necr           1%         3d6       94%         4


Dungeon Overview and Level Annotations

Branches:
Dungeon (5/15)              Sewer (visited)
 Temple: D:4-7

Altars:
Fedhas
Qazlal

Shops:
D:5 (

Portals:
Abyss: D:4

Annotations:
D:3 2 transporters, Moral's ghost, amateur DsNe
D:4 2 transporters, innerfire43's ghost, amateur DsMo


Innate Abilities, Weirdness & Mutations

You sometimes emit foul miasma when damaged in melee.
Your touch may inflict irresistible damage on your foes.


Message History

The gnoll hits you from afar with a +0 halberd.
You are too injured to fight recklessly!
You are too injured to fight recklessly!
You are too injured to fight recklessly!
You are too injured to fight recklessly!
You are too injured to fight recklessly!
You are too injured to fight recklessly!
You are too injured to fight recklessly!
You are too injured to fight recklessly!
You are too injured to fight recklessly!
You are too injured to fight recklessly!
You are too injured to fight recklessly!
You are too injured to fight recklessly!
You are too injured to fight recklessly!
You are too injured to fight recklessly!
You are too injured to fight recklessly!
You are too injured to fight recklessly!
You are too injured to fight recklessly!
Unknown command.
You closely miss the wight.
The wight is moderately damaged.
The wight hits you with a +0 dire flail!
You feel drained.
You closely miss the wight. Your touch misses the wight.
The wight is moderately damaged.
The gnoll misses you. The wight hits you but does no damage.
Unknown command.
You slash the wight!
The wight is severely damaged.
The gnoll splashes around in the water.
The orc wizard mumbles some strange words.
The orc wizard flickers and vanishes!
Deactivating autopickup; reactivate with Ctrl-A.
The wight hits you but does no damage.
The orc priest invokes the aid of Beogh against you.
Beogh smites you!
* * * LOW HITPOINT WARNING * * *
You feel better. The gnoll hits you but does no damage.
The wight hits you with a +0 dire flail!
You die...

..## #......#........### ...
..................# .... .
##..#.........#....### ###...
...# #....#.)....### ##....
#..# #....#.#.∩.## ...... #..
#...^.....### ...#..##..
#....####.#.###
.........##########.###.....#
.###.....~~~o{gz@~#..#.#.....#
.##......##########........###
..##.............).......###
........o...†............#
...###...................#
.... #..##....)....##....#
#... #...............#
#....#............#..##
....###.......#...##...#


You could see a wight, an orc priest and a gnoll.

Vanquished Creatures
  An ice beast (D:4)
  An ogre (D:5)
  A centaur (D:5)
  A kobold brigand (Sewer)
  2 howler monkeys (D:4)
  A hound (D:5)
  A jelly (D:4)
  Crazy Yiuf (D:4)
  An orc priest (D:3)
  An iguana (D:4)
  An orc wizard (D:4)
  5 gnolls
  4 adders
  6 river rats (Sewer)
  4 worms
  2 dart slugs (D:1)
  8 orcs
  16 ball pythons
  5 bats
  6 endoplasms
  2 giant cockroaches (D:3)
  5 goblins
  8 hobgoblins
  4 jackals (D:2)
  21 kobolds
  4 quokkas
  4 frilled lizards
  28 rats
144 creatures vanquished.

Notes
Turn   | Place    | Note
-------+----------+-------------------------------------------
     0 | D:1      | Maxmaps the Demonspawn Reaver began the quest for the Orb.
     0 | D:1      | Reached XP level 1. HP: 16/16 MP: 3/3
   169 | D:1      | Reached skill level 3 in Long Blades
   395 | D:1      | Gained mutation: Your touch may inflict minor irresistible
                  | damage on your foes. [demonic ancestry]
   395 | D:1      | Reached XP level 2. HP: 22/22 MP: 5/5
  1070 | D:2      | Found a faded altar of an unknown god.
  1080 | D:2      | Gained mutation: You may rarely emit foul miasma when
                  | damaged in melee. [demonic ancestry]
  1080 | D:2      | Reached XP level 3. HP: 25/27 MP: 6/6
  1087 | D:2      | Reached skill level 4 in Long Blades
  2085 | D:3      | Noticed Moral's ghost (amateur DsNe)
  2085 | D:3      | Identified the +7 giant club of the Evil Eye {flame, rN+}
  2085 | D:3      | Noticed an ogre
  2096 | D:3      | Gained mutation: You sometimes emit foul miasma when
                  | damaged in melee. [demonic ancestry]
  2096 | D:3      | Reached XP level 4. HP: 28/33 MP: 7/7
  2230 | D:3      | Noticed an ogre
  2231 | D:3      | Found a transporter.
  2245 | D:3      | Found a transporter.
  2759 | D:3      | Reached skill level 5 in Long Blades
  2962 | D:4      | Reached XP level 5. HP: 11/38 MP: 8/8
  3096 | D:4      | Found a transporter.
  3097 | D:4      | Found a transporter.
  3109 | D:4      | Noticed innerfire43's ghost (amateur DsMo)
  3112 | D:4      | Found a one-way gate to the infinite horrors of the Abyss.
  3151 | D:4      | Found a blossoming altar of Fedhas.
  3213 | D:4      | Found a stormy altar of Qazlal.
  3648 | D:4      | Reached skill level 6 in Long Blades
  3795 | D:4      | Found a runed translucent door.
  3796 | D:4      | Noticed Crazy Yiuf
  3859 | D:4      | Noticed an ice beast
  3918 | D:4      | Gained mutation: Your touch may inflict irresistible damage
                  | on your foes. [demonic ancestry]
  3918 | D:4      | Reached XP level 6. HP: 41/44 MP: 9/9
  3977 | D:4      | Killed an ice beast
  4349 | D:4      | Killed Crazy Yiuf
  4400 | D:5      | Entered Level 5 of the Dungeon
  4406 | D:5      | Reached skill level 7 in Long Blades
  4543 | D:5      | Found Heoschof's Antique Weapon Boutique.
  4546 | D:5      | Reached XP level 7. HP: 50/50 MP: 10/10
  4564 | D:5      | Bought a glowing dagger for 135 gold pieces
  4620 | D:5      | Found a glowing drain.
  4629 | Sewer    | Entered a sewer
  4681 | Sewer    | Reached skill level 8 in Long Blades
  5244 | D:5      | HP: 2/48 [orc priest/divine providence (13)]
  5245 | D:5      | Slain by a wight

Illustrated notes

Levels and vault maps discovered:
D:1:      arrival_zaba_pyramid, layout_loops_corners, minmay_misc_feat_alley
D:2:      layout_loops_cross, hellmonk_ecumenical_altar_dog_temple
D:3:      layout_loops_corners, gammafunk_ghost_smash, grunt_decor_fettered,
          st_stairs_12
D:4:      layout_loops_corners, lemuel_doored_altar,
          mainiacjoe_overflow_concentric_impassable,
          gammafunk_ghost_abyssal_escape, kennysheep_opposing_triangles,
          uniq_crazy_yiuf_cottage
D:5:      layout_cave_pools, serial_shops, nicolae_shop_stone,
          portal_sewer_entry_d, chequers_serial_rivers_micro_a

Skill      XL: |  1  2  3  4  5  6  7 |
---------------+----------------------+-----
Long Blades    | 3 4 5 6 7 8 |  8.5
Fighting       | |  2.0
Dodging        | |  1.7
Spellcasting   | |  2.0
Conjurations   | |  3.0

Action                     |  1- 3 |  4- 6 |  7- 9 || total
---------------------------+-------+-------+-------++-------
  Melee: Falchion          |    49 |       |       ||    49
         Long sword        |    54 |   102 |   101 ||   257
         Touch             |    16 |    25 |    22 ||    63
         Punch             |       |     3 |     1 ||     4
    Use: Scroll            |       |     7 |       ||     7
         Potion            |       |       |     1 ||     1
 Armour: Leather armour    |    24 |    19 |    49 ||    92
  Dodge: Dodged            |    69 |    93 |    95 ||   257

Table legend: (Time is in decaauts)
 A = Elapsed time spent in this place.
 B = Non-inter-level travel time spent in this place.
 C = Inter-level travel time spent in this place.
 D = Time resting spent in this place.
 E = Time spent auto-exploring this place.
 F = Levels seen in this place.
 G = Mean time per level.
                   A        B        C        D        E       F      G
               +--------+--------+--------+--------+--------+-----+--------+
         Total |   5287 |   5157 |    130 |    295 |   3960 |   6 |  881.2 |
       Dungeon |   4669 |   4539 |    130 |    295 |   3530 |   5 |  933.8 |
         Sewer |    617 |    617 |      0 |      0 |    430 |   1 |  617.0 |
               +--------+--------+--------+--------+--------+-----+--------+

Top non-repeatable levels by time:
     D:4: 1626 daAuts
     D:1: 1078 daAuts
     D:3: 1027 daAuts
     D:2: 824 daAuts
   Sewer: 617 daAuts
     D:5: 113 daAuts
